 Dungeon Crawl Stone Soup version 0.26-a0-652-gafc20e3620 (webtiles) character file.

Game seed: 3578623028292862240

29 Ijustatesigmund the Skirmisher (level 3, 29/29 HPs)
             Began as a Demonspawn Fighter on Oct 1, 2020.
             Quit the game on level 2 of the Dungeon.
             The game lasted 00:01:36 (1215 turns).

Ijustatesigmund the Skirmisher (Demonspawn Fighter) Turns: 1215, Time: 00:01:37

Health: 29/29      AC:  8    Str: 16    XL:     3   Next: 1%
Magic:  3/3        EV:  7    Int:  9    God:
Gold:   15         SH:  8    Dex: 13    Spells: 2/2 levels left

rFire    . . .     SeeInvis .   a - +0 war axe
rCold    . . .     Faith    .   c - +0 kite shield
rNeg     . . .     Spirit   .   b - +0 scale mail
rPois    .         Reflect  .   (helmet restricted)
rElec    .         Harm     .   (no cloak)
rCorr    .         Rampage  .   (no gloves)
MR       .....                  (no boots)
Stlth    ..........             (no amulet)
HPRegen  0.09/turn              (no ring)
MPRegen  0.08/turn              (no ring)

@: no status effects
A: antennae 1, icy blue scales 1
a: no special abilities


You were on level 2 of the Dungeon.
You visited 1 branch of the dungeon, and saw 2 of its levels.

You collected 15 gold pieces.

Inventory:

Hand Weapons
 a - a +0 war axe (weapon)
Armour
 b - a +0 scale mail (worn)
 c - a +0 kite shield (worn)
Scrolls
 e - a scroll of enchant weapon {unknown}
 f - a scroll of noise {unknown}
 g - a scroll of blinking {unknown}
 j - a scroll of identify {unknown}
Potions
 d - a potion of might
 h - 3 potions of curing {unknown}
 i - 2 potions of brilliance {unknown}


   Skills:
 + Level 3.3 Fighting
 * Level 2.6 Axes
 - Level 2.6 Armour
 + Level 1.0 Dodging
 - Level 2.6 Shields


You had 2 spell levels left.
You didn't know any spells.
Your spell library was empty.

Dungeon Overview and Level Annotations

Branches:
Dungeon (2/15)

Altars:
Uskayaw


Innate Abilities, Weirdness & Mutations

You have a pair of small antennae on your head.
You are partially covered in icy blue scales. (AC +2)


Message History

You closely miss the giant cockroach.
The giant cockroach is severely wounded.
You block the giant cockroach's attack.
The giant cockroach bites you but does no damage.
You hit the giant cockroach but do no damage.
The giant cockroach is severely wounded.
You block the giant cockroach's attack.
You closely miss the giant cockroach.
The giant cockroach is severely wounded.
The giant cockroach barely misses you.
The giant cockroach bites you but does no damage.
A giant cockroach is nearby!
You hit the giant cockroach.
You kill the giant cockroach!
You have reached level 3!
Your experience leads to an increase in your attributes!
Increase (S)trength, (I)ntelligence, or (D)exterity?
You feel agile.
Your demonic ancestry asserts itself...
A pair of antennae grows on your head!
Are you sure you want to abandon this character and quit the game? (Confirm with "yes".)

# .# #. ...#.##
......<
#......##
........### ##
#......@..###.#
#.#.#.......#.##
# ####....$..#
#. #.##.!..##+#
#.. #..........#
#.#####.......##
#....##†.†..###
#.....###..(.#
#.<#### ###.#


There were no monsters in sight!

Vanquished Creatures
  A worm (D:2)
  2 dart slugs
  A leopard gecko (D:1)
  3 bats (D:1)
  2 giant cockroaches
  A goblin (D:1)
  A hobgoblin (D:1)
  A quokka (D:2)
  2 frilled lizards
  3 kobolds (D:1)
  4 rats
21 creatures vanquished.

Notes
Turn   | Place    | Note
-------+----------+-------------------------------------------
     0 | D:1      | Ijustatesigmund the Demonspawn Fighter began the quest for
                  | the Orb.
     0 | D:1      | Reached XP level 1. HP: 18/18 MP: 1/1
   372 | D:1      | Gained mutation: You are partially covered in icy blue
                  | scales. (AC +2) [demonic ancestry]
   372 | D:1      | Reached XP level 2. HP: 21/24 MP: 2/2
  1107 | D:2      | Found a hide-covered altar of Uskayaw.
  1107 | D:2      | Noticed a +0 dagger
  1107 | D:2      | Noticed a +0 hand axe
  1143 | D:2      | Reached skill level 1 in Dodging
  1214 | D:2      | Gained mutation: You have a pair of small antennae on your
                  | head. [demonic ancestry]
  1214 | D:2      | Reached XP level 3. HP: 29/29 MP: 3/3
  1215 | D:2      | Quit the game

Illustrated notes

Levels and vault maps discovered:
D:1:      matt_arrival_los_fun, layout_basic
D:2:      layout_rooms, dancing_weapons_uskayaw, doesnt_xom_only_xom,
          gammafunk_temple_overflow_arena

Skill      XL: |  1  2 |
---------------+-------+-----
Axes           | 2 |  2.6
Dodging        | 1 |  1.0
Fighting       | |  3.3
Armour         | |  2.6
Shields        | |  2.6

Action                   || total
-------------------------++-------
Melee: War axe           ||    65
Armor: Scale mail        ||    31
Dodge: Dodged            ||    18
Block: Kite shield       ||    31

Table legend: (Time is in decaauts)
 A = Elapsed time spent in this place.
 B = Non-inter-level travel time spent in this place.
 C = Inter-level travel time spent in this place.
 D = Time resting spent in this place.
 E = Time spent auto-exploring this place.
 F = Levels seen in this place.
 G = Mean time per level.
                   A        B        C        D        E       F      G
               +--------+--------+--------+--------+--------+-----+--------+
         Total |   1245 |   1200 |     45 |      0 |   1051 |   2 |  622.5 |
       Dungeon |   1245 |   1200 |     45 |      0 |   1051 |   2 |  622.5 |
               +--------+--------+--------+--------+--------+-----+--------+

Top non-repeatable levels by time:
     D:1: 1127 daAuts
     D:2: 118 daAuts
